AoeStats
← 嘉宝叔叔

Arabia

509336407Analyzed
1v1 RM · 7d ago on Sep 26, 2026· 31m 2s· 2 players
Game mode
Random Map
Map size
Tiny (2 player)
Population
200
Speed
Normal
Resources
Standard
Victory
Conquest
Starting age
Dark Age
Ending age
Imperial Age
RankedLock teamsTeams togetherTeam positionsShared explorationLock speedFull tech treeHidden civsTurbo modeCheats
Victory
Defeat
🇹🇷 Magyars · Türkiye
1310
+15
🇨🇳 Turks · China
1288
-30
嘉宝叔叔
6:27 Loom
6:41 Loom
9:36 Feudal Age
11:02 Double-Bit Axe
11:03 Horse Collar
19:49 Castle Age
18:12 Fletching
19:56 Crossbowman
20:32 Bodkin Arrow
21:24 Padded Archer Armor
27:04 Bow Saw
29:31 Ballistics
Alemdar
5:10 Loom
10:45 Feudal Age
15:06 Castle Age
14:50 Scale Barding Armor
23:42 Bloodlines
25:55 Husbandry
Connection lost

Rejoining the realm…

Still unreachable

The connection could not be restored.

Session expired

The server has moved on; the page needs a fresh start.